 Dungeon Crawl Stone Soup version 0.23.2-1-ga50397a (webtiles) character file.

Game seed: 4491742346317627313

39 night the Ruffian (level 3, 0/20 HPs)
             Began as a Gargoyle Transmuter on May 4, 2019.
             Slain by a goblin
             ... wielding a +0 spear
              (3 damage)
             ... on level 2 of the Dungeon.
             The game lasted 00:02:41 (1134 turns).

night the Ruffian (Gargoyle Transmuter)             Turns: 1134, Time: 00:02:42

Health: 0/20       AC:  5    Str: 14    XL:     3   Next: 45%
Magic:  6/6        EV: 12    Int: 13    God:
Gold:   79         SH:  0    Dex: 10    Spells: 3/6 levels left

rFire    . . .     SeeInvis .     - Unarmed
rCold    . . .     Gourm    .   (no shield)
rNeg     + . .     Faith    .   b - +0 robe
rPois    ∞         Spirit   .   (no helmet)
rElec    +         Reflect  .   (no cloak)
rCorr    .         Harm     .   (no gloves)
MR       .....                  (no boots)
Stlth    +.........             (no amulet)
HPRegen  0.06/turn              (no ring)
MPRegen  0.10/turn              (no ring)

@: appendage (expiring)
A: horns 2, negative energy resistance 1, electricity resistance, unbreathing,
petrification resistance, rot immunity, AC +3
a: End Transformation


You were on level 2 of the Dungeon.
You were not hungry.
You had grown temporary horns.
You visited 1 branch of the dungeon, and saw 2 of its levels.

You collected 79 gold pieces.

Inventory:

Missiles
 a - 12 arrows
 g - 130 stones (quivered)
 i - 9 bolts
 l - 8 tomahawks
Armour
 b - a +0 robe (worn)
Scrolls
 e - 4 scrolls of identify {unknown}
 h - a scroll of remove curse {unknown}
 j - a scroll of immolation {unknown}
 k - a scroll of teleportation {unknown}
Potions
 c - 3 potions of curing {unknown}
 f - a potion of degeneration {unknown}
Comestibles
 d - 4 rations


   Skills:
 - Level 1.1 Fighting
 - Level 1.5 Dodging
 + Level 3.7 Unarmed Combat
 - Level 2.0 Spellcasting
 + Level 2.4 Transmutations


You had 3 spell levels left.
You knew the following spells:

 Your Spells              Type           Power        Failure   Level  Hunger
a - Beastly Appendage     Tmut           #.....       10%         1    ##.....
b - Sticks to Snakes      Tmut           #.......     14%         2    ###....

Your spell library contained the following spells:

 Spells                   Type           Power        Failure   Level  Hunger
 Spider Form              Tmut/Pois      #.........   43%         3    ####...
 Ice Form                 Ice/Tmut       #.......     83%         4    #####..
 Blade Hands              Tmut           #.........   95%         5    ######.


Dungeon Overview and Level Annotations

Branches:
Dungeon (2/15)

Altars:


Innate Abilities, Weirdness & Mutations

You are resistant to torment.
Your stone body is resilient. (AC +3)
You are immune to poison.
You resist negative energy. (rN+)
You are resistant to electric shocks. (rElec)
You can survive without breathing.
You are immune to petrification.
You are immune to rotting.
You have a pair of horns on your head.


Message History

The goblin barely misses you.
You closely miss the quokka. Your headbutt misses the quokka.
The quokka is heavily wounded.
The quokka bites you but does no damage.
The goblin hits you but does no damage.
You hit the quokka.
You kill the quokka!
The goblin misses you. The goblin hits you with a +0 spear.
* * * LOW HITPOINT WARNING * * *
Found 11 poisoned needles.
Items here: $ ) = ††† You hit the goblin but do no damage.
You hit the goblin.
The goblin is heavily wounded.
The goblin hits you but does no damage.
You hit the goblin.
The goblin is severely wounded.
The goblin hits you with a +0 spear.
You die...

.......#.........#
.#<....#.#####.###
.#.............# #
...............# ..
...............# .(.
...............# ..?.
...............# .....
...............###...$..
................@g......
..............####......
.............. .....
##............ ....
############## ... ...#
.. ...# . ...# ...#


You could see a goblin.

Vanquished Creatures
  An ooze (D:1)
  2 dart slugs (D:1)
  2 leopard geckos (D:1)
  2 bats (D:1)
  A giant cockroach (D:2)
  6 goblins
  4 hobgoblins
  A quokka (D:2)
  A ball python (D:2)
  A jackal skeleton (D:2)
  3 kobolds
  3 rats
27 creatures vanquished.

Notes
Turn   | Place    | Note
-------+----------+-------------------------------------------
     0 | D:1      | night the Gargoyle Transmuter began the quest for the Orb.
     0 | D:1      | Reached XP level 1. HP: 12/12 MP: 3/3
    76 | D:1      | Reached XP level 2. HP: 16/16 MP: 5/5
   148 | D:1      | Learned a level 2 spell: Sticks to Snakes
   602 | D:1      | Reached XP level 3. HP: 17/20 MP: 6/6
  1134 | D:2      | Slain by a goblin

Skill      XL: |  1  2 |
---------------+-------+-----
Transmutations | 2 |  2.4
Fighting       | |  1.1
Dodging        | |  1.5
Unarmed Combat | |  3.7
Spellcasting   | |  2.0

Action                   || total
-------------------------++-------
Melee: Unarmed           ||   120
       Punch             ||     2
       Headbutt          ||     2
Throw: Stone             ||     1
 Cast: Beastly Appendage ||     4
 Stab: Sleeping          ||     1
  Eat: Chunk             ||     1
Armor: Robe              ||    34
Dodge: Dodged            ||    87
